 Dungeon Crawl Stone Soup version 0.28-a0-1356-g2ad6d04315 (webtiles) character file.

Game seed: 4565574142973164993

86418 freelancePsychic the Warrior (level 15, -12/147 HPs)
             Began as a Minotaur Gladiator on Dec 31, 2021.
             Was the Champion of Jiyva.
             Killed from afar by a fire dragon (39 damage)
             ... with a blast of flame
             ... on level 6 of the Lair of Beasts.
             The game lasted 00:41:59 (18062 turns).

freelancePsychic the Warrior (Minotaur Gladiator)  Turns: 18062, Time: 00:42:00

Health: -12/147    AC: 20    Str: 26    XL:     15   Next: 3%
Magic:  10/14      EV: 11    Int:  7    God:    Jiyva [******]
Gold:   1347       SH: 15    Dex: 14    Spells: 14/14 levels left

rFire   . . .      SeeInvis +   W - +3 morningstar (freeze)
rCold   + + +      Faith    .   V - +2 kite shield {rC+}
rNeg    . . .      Spirit   .   Z - +1 plate armour {rC+}
rPois   .          Reflect  .   M - +2 hat of Xiwi {Will+ rCorr Str-4 SInv}
rElec   .          Harm     .   O - scarf {+Inv}
rCorr   +          Rampage  .   i - +2 pair of gloves
Will    ++...                   (boots unavailable)
Stlth   ..........              (no amulet)
HPRegen 1.94/turn               t - ring of protection from cold
MPRegen 0.64/turn               w - +6 ring of strength

@: lethally poisoned (-12 -> -13), very slow
A: horns 2, retaliatory headbutt, talons 3, clever 1, cold resistance 1,
mutation resistance 1, shaggy fur 3, gelatinous body 1, pseudopods 3,
translucent skin 1, tendrils, engulf
}: 1/15 runes: slimy
a: Renounce Religion, Evoke Invisibility, Oozemancy, Slimify


You were on level 6 of the Lair of Beasts.
You worshipped Jiyva.
Jiyva was exalted by your worship.
You visited 4 branches of the dungeon, and saw 28 of its levels.
You also visited: Sewer, Ossuary, Gauntlet and Ice Cave.

You collected 1347 gold pieces.

Inventory:

Hand Weapons
 a - a +1 flail
 b - a +0 hunting sling of flaming
 W - a +3 morningstar of freezing (weapon)
Missiles
 d - 3 throwing nets
 f - 10 curare-tipped darts (quivered)
 x - 23 poisoned darts
Armour
 i - a +2 pair of gloves (worn)
 l - +0 ice dragon scales
 r - a +0 pair of boots
 L - a +0 cloak
 M - the +2 hat of Xiwi (worn) {Will+ rCorr Str-4 SInv}
   (You found it in a Gauntlet)

   Str:       It affects your strength (-4).
   SInv:      It lets you see invisible.
   rCorr:     It protects you from acid and corrosion.
   Will:      It increases your willpower.
 O - a scarf of invisibility (worn)
 V - a +2 kite shield of cold resistance (worn)
 Y - a +0 tower shield of reflection
 Z - a +1 plate armour of cold resistance (worn)
Jewellery
 t - a ring of protection from cold (left hand)
 u - the ring of Amelioration {rPois Dex+2}
   (You found it on level 5 of the Pits of Slime)

   [ring of poison resistance]

   Dex:       It affects your dexterity (+2).
   rPois:     It protects you from poison.
 w - a +6 ring of strength (right hand)
 N - the amulet "Pualonn" {Acrobat *Corrode rF- Dex+10 Slay+6}
   (You found it on level 2 of the Lair of Beasts)

   [amulet of the acrobat]

   It increases your evasion while moving and waiting.
   Dex:       It affects your dexterity (+10).
   Slay:      It affects your accuracy & damage with ranged weapons and melee
   (+6).
   rF:        It makes you vulnerable to fire.
   *Corrode:  It may corrode you when you take damage.
Wands
 y - a wand of flame (78)
 F - a wand of acid (14)
 H - a wand of digging (8)
 P - a wand of iceblast (5)
 T - a wand of charming (3)
 X - a wand of mindburst (11)
Scrolls
 c - a scroll of holy word
 h - a scroll of magic mapping
 m - 2 scrolls of torment
 o - 2 scrolls of vulnerability
 p - 2 scrolls of enchant weapon
 s - 2 scrolls of fear
 z - 7 scrolls of teleportation {@r4}
 A - a scroll of silence
 J - 3 scrolls of fog
 K - a scroll of enchant armour
 U - 3 scrolls of blinking
Potions
 e - 2 potions of cancellation
 g - 3 potions of mutation
 j - 2 potions of magic
 k - 3 potions of flight
 n - 3 potions of brilliance
 q - 4 potions of might {unknown}
 v - 4 potions of curing {@q1}
 B - 3 potions of invisibility
 C - 4 potions of attraction
 D - 5 potions of haste {@q3}
 E - 3 potions of lignification {unknown}
 G - a potion of berserk rage
 Q - 3 potions of heal wounds {unknown}
 R - a potion of resistance
Miscellaneous
 I - a condenser vane
 S - a tin of tremorstones (inert)


   Skills:
 + Level 17.5 Fighting
 - Level 16.0 Maces & Flails
 - Level 2.0 Throwing
 - Level 10.2 Armour
 - Level 5.7 Dodging
 * Level 14.9 Shields
 - Level 1.7 Unarmed Combat
 + Level 9.1 Evocations


You had 14 spell levels left.
You didn't know any spells.
Your spell library contained the following spells:

 Spells                   Type           Power      Damage    Failure   Level
 Pain                     Necr           0%         1d4       99%         1
 Shock                    Conj/Air       0%         1d3       99%         1
 Ignite Poison            Fire/Tmut/Pois 0%         N/A       100%        3
 Inner Flame              Hex/Fire       0%         N/A       100%        3
 Stone Arrow              Conj/Erth      0%         3d7       100%        3
 Swiftness                Air            0%         N/A       100%        3
 Airstrike                Air            0%         N/A       100%        4
 Animate Armour           Summ/Erth      0%         N/A       100%        4
 Cause Fear               Hex            0%         N/A       100%        4
 Fulminant Prism          Conj/Hex       0%         3d6       100%        4
 Hailstorm                Conj/Ice       0%         3d3       100%        4
 Ice Form                 Ice/Tmut       0%         N/A       100%        4
 Agony                    Necr           0%         N/A       100%        5
 Excruciating Wounds      Necr           0%         N/A       100%        5
 Summon Forest            Summ/Tloc      0%         N/A       100%        5
 Yara's Violent Unravell  Hex/Tmut       0%         3d3       100%        5
 Death Channel            Necr           0%         N/A       100%        6
 Simulacrum               Ice/Necr       0%         N/A       100%        6
 Discord                  Hex            0%         N/A       100%        8
 Lehudib's Crystal Spear  Conj/Erth      0%         10d2      100%        8


Dungeon Overview and Level Annotations

Branches:
Dungeon (15/15)            Temple (0/1) D:7            Lair (6/6) D:8
 Shoals (0/4) Lair:3       Spider (0/4) Lair:2        Slime (5/5) Lair:6
    Orc (2/2) D:9          Vaults (0/5) D:13          Sewer (visited)
Ossuary (visited)           IceCv (visited)         Gauntlet (visited)
    Elf: Orc:2       Depths: D:15

Altars:
Elyvilon
Fedhas
Kikubaaqudgha
Makhleb
Qazlal
Ru
Sif Muna
Uskayaw
Vehumet
Xom
Beogh
Jiyva

Shops:
Orc:1 !   Orc:2 (

Portals:
Trove: D:10 (give 12 potions of heal wounds)

Annotations:
D:3 2 transporters, tonyyikes's ghost, amateur OpTm
Slime:4 Dissolution
Slime:5 Royal Jelly
Orc:1 2 transporters, exclusion: downstairs, sand's ghost, journeyman HOFi


Innate Abilities, Weirdness & Mutations

You have a pair of horns on your head.
You reflexively headbutt those who attack you in melee.
You have claws for feet.
Your mind is acute. (Int +2)
Your flesh is cold resistant. (rC+)
You are somewhat resistant to further mutation.
Your thick and shaggy fur keeps you warm. (AC +3, rC+)
Your rubbery body absorbs attacks. (AC +1, EV +1)
Armour fits poorly on your massive pseudopods.
Your translucent skin slightly reduces your foes' accuracy. (Stealth+)
You are covered in slimy tendrils that may disarm your opponents.
Your melee attacks may engulf your foes in ooze.


Message History

The fire dragon tramples you but does no damage.
You hit the fire dragon. You freeze the fire dragon.
Your kick misses the fire dragon.
You headbutt the fire dragon, but do no damage.
You bludgeon the fire dragon.
The fire dragon is almost dead.
You feel very sick. The swamp dragon bites you.
The swamp dragon claws you but does no damage.
The swamp dragon tramples you!
You hold your ground!
Your unstable footing causes you to fumble your attack.
You feel sick. The fire dragon breathes flames at you.
The blast of flame hits you! You block the swamp dragon's attack. x3
A thick mucus forms on your +3 morningstar of freezing.
You are engulfed in a cloud of scalding steam.
You feel sick. You block the fire dragon's attack. x2
The fire dragon tramples you.
* * * LOW HITPOINT WARNING * * *
You hold your ground!
The swamp dragon barely misses you. You furiously retaliate!
You headbutt the swamp dragon! The swamp dragon misses you.
The swamp dragon tramples you but does no damage.
The swamp dragon quivers uncontrollably and liquefies into a slime creature!
You are engulfed in a cloud of scalding steam.
* * * LOW HITPOINT WARNING * * *
You feel sick. The fire dragon bites you!
* * * LOW HITPOINT WARNING * * *
You block the fire dragon's attack. The fire dragon tramples you.
* * * LOW HITPOINT WARNING * * *
You stumble backwards!
Splash!
Your unstable footing causes you to fumble your attack.
You are engulfed in a cloud of scalding steam.
* * * LOW HITPOINT WARNING * * *
You feel sick.
The slime creature is engulfed in a cloud of scalding steam.
The fire dragon breathes flames at you. The blast of flame hits you!!!
You die...

♣♣♣♣♣♣ ♣♣♣≈≈..♣♣
♣.P≈≈≈..♣♣
♣♣.≈≈≈§@.≈♣♣
♣♣♣..≈≈♣♣D§..♣
♣♣..P≈≈♣♣≈≈§≈.♣
♣♣..≈..♣♣♣.J.≈≈..♣
♣...≈≈♣♣$[$.≈≈≈≈.♣
♣♣..≈≈♣♣♣$(..≈≈.♣♣♣
♣♣.♣†.≈♣♣..$.≈≈≈≈.♣
♣...P≈†♣♣♣?$.≈≈≈≈.♣
♣P.P.≈†.♣♣)$$.≈≈≈..


You could see a fire dragon (catching breath) and a neutral slime creature
(wandering) (fellow slime).

Vanquished Creatures
  Rupert (D:12)
  Nessos (D:14)
  A minotaur (Gauntlet)
  The ghost of
  12572944 the Grappler, a journeyman TrBe of Trog (Lair:1)
  An ice dragon (D:11)
  A boulder beetle (D:15)
  2 vault guards
  12 hydras
  4 centaur warriors (D:14)
  10 death yaks
  A tengu warrior (D:13)
  Nergalle (D:11)
  2 deep elf pyromancers
  A cyclops (D:11)
  6 ugly things
  3 manticores
  10 elephants
  An ice statue (IceCv)
  4 black mambas
  5 orange demons (D:12)
  A cane toad (shapeshifter) (D:14)
  10 rime drakes
  2 gargoyles
  An unseen horror (D:13)
  2 kobold demonologists
  6 cane toads
  12 komodo dragons
  2 hellwings (Gauntlet)
  A tengu conjurer (D:14)
  3 red devils (D:12)
  9 polar bears
  A hornet (D:9)
  7 blink frogs
  5 dream sheep (Lair:6)
  A snapping turtle (Lair:3)
  5 trolls
  Sigmund (D:6)
  A shadow (D:13)
  A centaur simulacrum (D:14)
  6 wraiths
  5 basilisks
  A water elemental (D:14)
  A vampire (D:12)
  72 yaks
  4 steam dragons
  7 wyverns
  Eustachio (D:4)
  4 acid dragons
  2 wargs (Orc:1)
  18 water moccasins
  3 orc warriors
  2 black bears (D:6)
  A hornet zombie (D:6)
  A swamp drake (Lair:6)
  A sky beast (D:5)
  4 ogres
  4 necrophages
  2 boggarts (D:15)
  13 wolves
  2 ice beasts
  2 centaurs (D:9)
  2 phantoms
  2 kobold brigands (D:8)
  A gnoll sergeant (D:7)
  13 bullfrogs
  A water moccasin zombie (D:6)
  3 scorpions
  A wyvern skeleton (D:5)
  A water moccasin skeleton (D:5)
  4 killer bees (D:9)
  7 wights
  2 howler monkeys
  3 electric eels
  7 centaur zombies
  2 bullfrog zombies (D:6)
  2 hounds (D:5)
  Crazy Yiuf (D:7)
  6 orc priests
  A centaur skeleton (D:5)
  2 gnoll shamans
  6 iguanas
  4 orc wizards
  4 hell rats (Lair:3)
  A merfolk avatar (Sewer)
  A hound skeleton (D:4)
  3 howler monkey zombies
  A howler monkey skeleton (D:6)
  9 adders
  14 gnolls
  3 river rats (Sewer)
  A shadow imp (Gauntlet)
  2 white imps (D:7)
  2 adder skeletons (D:4)
  2 worms
  21 orcs
  13 ball pythons
  3 endoplasms (D:1)
  3 giant cockroaches
  4 goblins
  4 hobgoblins
  4 quokkas
  2 ball python skeletons (Ossuary)
  5 bats
  5 frilled lizards
  A hobgoblin skeleton (Ossuary)
  A hobgoblin zombie (Ossuary)
  20 kobolds
  2 orc skeletons (Ossuary)
  2 orc zombies (Ossuary)
  19 rats
518 creatures vanquished.

Vanquished Creatures (collateral kills)
  A reaper (Gauntlet)
  A tengu conjurer (Gauntlet)
2 creatures vanquished.

Vanquished Creatures (others)
  A tengu warrior (D:14)
  2 rime drakes (IceCv)
  An unseen horror (D:12)
  3 slime creatures (D:13)
  A dream sheep (shapeshifter) (D:15)
  A centaur simulacrum (D:14)
  4 wraiths
  A water elemental (D:14)
  A yak (IceCv)
  A basilisk (Lair:2)
  A boggart (D:15)
  A wolf (IceCv)
  A scorpion (D:5)
  A wyvern skeleton (D:6)
  3 howler monkeys (D:13)
  52 jellies
  A hound (D:5)
  An iguana (D:5)
  A merfolk siren (Sewer)
  2 howler monkey zombies
  2 adders
  An orc (D:2)
  A ball python (D:4)
  A giant cockroach (Sewer)
  A goblin (D:2)
  A bat (D:2)
  A frilled lizard (Sewer)
  2 kobolds
  3 rats
  A bush (D:6)
  2 butterflies (D:7)
  59 fungi
  143 plants
298 creatures vanquished.

Grand Total: 818 creatures vanquished

Notes
Turn   | Place    | Note
-------+----------+-------------------------------------------
     0 | D:1      | freelancePsychic the Minotaur Gladiator began the quest for
                  | the Orb.
     0 | D:1      | Reached XP level 1. HP: 18/18 MP: 0/0
   146 | D:1      | Reached XP level 2. HP: 20/25 MP: 1/1
   299 | D:1      | Reached skill level 3 in Fighting
   705 | D:1      | Found a faded altar of an unknown god.
   772 | D:1      | Prayed at the altar of an unknown god.
   772 | D:1      | Became a worshipper of Jiyva Josuvomm the Shapeless
   772 | D:1      | Reached * piety under Jiyva
   824 | D:1      | Reached XP level 3. HP: 31/31 MP: 2/2
   916 | D:2      | Reached skill level 5 in Maces & Flails
  1188 | D:2      | Reached ** piety under Jiyva
  1219 | D:2      | Reached skill level 1 in Unarmed Combat
  1381 | D:2      | Reached XP level 4. HP: 38/38 MP: 3/3
  1655 | D:3      | Found a transporter.
  1659 | D:3      | Noticed tonyyikes's ghost (amateur OpTm)
  1671 | D:3      | Found a transporter.
  1833 | D:3      | Reached *** piety under Jiyva
  2058 | D:4      | Noticed a necrophage
  2060 | D:4      | Killed a necrophage
  2061 | D:4      | Reached skill level 4 in Fighting
  2061 | D:4      | Reached XP level 5. HP: 47/47 MP: 0/4
  2169 | D:4      | Found a hide-covered altar of Uskayaw.
  2265 | D:4      | Found a sacrificial altar of Ru.
  2312 | D:4      | Noticed Eustachio
  2335 | D:4      | Killed Eustachio
  2336 | D:4      | Reached XP level 6. HP: 55/55 MP: 5/5
  2615 | D:4      | Gained mutation: You are somewhat resistant to further
                  | mutation. [Jiyva's grace]
  2615 | D:4      | Gained mutation: You are somewhat resistant to both further
                  | mutation and mutation removal. [Jiyva's grace]
  2615 | D:4      | Gained mutation: You are almost entirely resistant to
                  | further mutation and mutation removal. [Jiyva's grace]
  2615 | D:4      | Gained mutation: Your rubbery body absorbs attacks. (AC +1,
                  | EV +1) [Jiyva's grace]
  2815 | D:4      | Reached skill level 5 in Fighting
  2980 | D:5      | Entered Level 5 of the Dungeon
  3013 | D:5      | Found a glowing drain.
  3026 | Sewer    | Entered a sewer
  3455 | D:5      | Reached XP level 7. HP: 62/62 MP: 6/6
  3459 | D:5      | Reached **** piety under Jiyva
  3504 | D:5      | Reached skill level 6 in Fighting
  3725 | D:5      | Found a burning altar of Makhleb.
  3789 | D:5      | Found a radiant altar of Vehumet.
  3833 | D:6      | Found a stormy altar of Qazlal.
  3850 | D:6      | Reached XP level 8. HP: 71/71 MP: 7/7
  3863 | D:6      | Reached skill level 7 in Fighting
  3881 | D:6      | Reached skill level 10 in Maces & Flails
  3961 | D:6      | Noticed Sigmund
  3978 | D:6      | Killed Sigmund
  3979 | D:6      | Reached skill level 8 in Fighting
  4041 | D:6      | Found an ancient bone altar of Kikubaaqudgha.
  4174 | D:6      | Found a sand-covered staircase.
  4188 | Ossuary  | Entered an ossuary
  4252 | Ossuary  | Noticed a flying skull
  4259 | Ossuary  | Noticed a flying skull
  4260 | Ossuary  | Noticed a flying skull
  4288 | Ossuary  | Noticed a flying skull
  4322 | Ossuary  | Reached XP level 9. HP: 76/82 MP: 8/8
  4519 | D:6      | Found a blossoming altar of Fedhas.
  4589 | D:6      | Reached ***** piety under Jiyva
  4769 | D:6      | Reached skill level 9 in Fighting
  4821 | D:7      | Found a shimmering altar of Xom.
  4888 | D:7      | Found a staircase to the Ecumenical Temple.
  4907 | D:7      | Gained mutation: You have a small jelly attached to you
                  | that may absorb projectiles. [Jiyva's grace]
  4907 | D:7      | Gained mutation: You are strong-willed. (Will+) [Jiyva's
                  | grace]
  4907 | D:7      | Gained mutation: You are highly strong-willed. (Will++)
                  | [Jiyva's grace]
  4907 | D:7      | Gained mutation: You are extremely strong-willed. (Will+++)
                  | [Jiyva's grace]
  5029 | D:7      | Reached skill level 1 in Armour
  5370 | D:7      | Found a white marble altar of Elyvilon.
  5524 | D:7      | Found a runed translucent door.
  5525 | D:7      | Noticed Crazy Yiuf
  5530 | D:7      | Killed Crazy Yiuf
  5690 | D:8      | Reached skill level 10 in Fighting
  5853 | D:8      | Found a staircase to the Lair.
  5990 | D:8      | Identified the +9 quarterstaff of Goecar {freeze, rElec
                  | Will+ Str-5}
  5995 | D:8      | Got the Tome of Moulding and Darkness
  6009 | D:8      | Reached XP level 10. HP: 85/93 MP: 9/9
  6369 | D:9      | Reached skill level 1 in Evocations
  6517 | D:9      | Noticed a sixfirhy
  6555 | D:8      | Reached skill level 5 in Armour
  6574 | D:9      | Paralysed by a hornet for 2 turns
  6628 | D:9      | Reached skill level 11 in Fighting
  7045 | D:9      | Found a shimmering blue altar of Sif Muna.
  7067 | D:9      | Lost mutation: You are extremely strong-willed. (Will+++)
                  | [Jiyva's grace]
  7067 | D:9      | Lost mutation: You are highly strong-willed. (Will++)
                  | [Jiyva's grace]
  7067 | D:9      | Lost mutation: You are almost entirely resistant to further
                  | mutation and mutation removal. [Jiyva's grace]
  7067 | D:9      | Lost mutation: You are somewhat resistant to both further
                  | mutation and mutation removal. [Jiyva's grace]
  7067 | D:9      | Gained mutation: You are covered in slimy tendrils that may
                  | disarm your opponents. [Jiyva's grace]
  7067 | D:9      | Gained mutation: You have acidic saliva. [Jiyva's grace]
  7067 | D:9      | Gained mutation: Your body has grown eyes which may confuse
                  | attackers. (Acc +3) [Jiyva's grace]
  7067 | D:9      | Gained mutation: Your body has grown many eyes which may
                  | confuse attackers. (Acc +5) [Jiyva's grace]
  7069 | D:9      | Found a staircase to the Orcish Mines.
  7228 | D:9      | Reached ****** piety under Jiyva
  7291 | Orc:1    | Entered Level 1 of the Orcish Mines
  7431 | Orc:1    | Found Acrish's Distillery.
  7451 | Orc:1    | Noticed sand's ghost (journeyman HOFi)
  7454 | Orc:1    | Noticed an orc sorcerer
  7512 | Orc:1    | Found a transporter.
  7515 | Orc:1    | Found a transporter.
  7608 | Orc:2    | Entered Level 2 of the Orcish Mines
  7608 | Orc:2    | Noticed an ogre mage
  7608 | Orc:2    | Noticed a deep troll
  7608 | Orc:2    | Noticed an ettin
  7608 | Orc:2    | Noticed a cyclops
  7608 | Orc:2    | Found Wacyov's Weapon Boutique.
  7698 | Lair:1   | Entered Level 1 of the Lair of Beasts
  7729 | Lair:1   | Noticed an eight-headed hydra
  7913 | D:10     | Entered Level 10 of the Dungeon
  7936 | D:10     | Reached XP level 11. HP: 93/104 MP: 10/10
  8103 | D:10     | Found a portal to a secret trove of treasure.
  8349 | D:10     | Reached skill level 12 in Fighting
  8588 | D:10     | Reached skill level 5 in Evocations
  8799 | D:11     | Lost mutation: You are strong-willed. (Will+) [Jiyva's
                  | grace]
  8799 | D:11     | Lost mutation: You have acidic saliva. [Jiyva's grace]
  8799 | D:11     | Lost mutation: Your rubbery body absorbs attacks. (AC +1,
                  | EV +1) [Jiyva's grace]
  8799 | D:11     | Gained mutation: Your mind is acute. (Int +2) [Jiyva's
                  | grace]
  8799 | D:11     | Gained mutation: Your mind is very acute. (Int +4) [Jiyva's
                  | grace]
  8799 | D:11     | Gained mutation: Your flesh is cold resistant. (rC+)
                  | [Jiyva's grace]
  8799 | D:11     | Gained mutation: Your flesh is very cold resistant. (rC++)
                  | [Jiyva's grace]
  8891 | D:11     | Noticed an ice dragon
  8891 | D:11     | Found a frozen archway.
  8904 | D:11     | Killed an ice dragon
  8921 | IceCv    | Entered an ice cave
  8948 | IceCv    | Noticed a death yak
  8966 | IceCv    | Killed a death yak
  8987 | IceCv    | Reached skill level 13 in Fighting
  9135 | IceCv    | Noticed a white ugly thing
  9137 | IceCv    | Noticed a death yak
  9151 | IceCv    | Killed a death yak
  9154 | IceCv    | Killed a white ugly thing
  9282 | IceCv    | Noticed a death yak
  9291 | IceCv    | Reached skill level 5 in Dodging
  9291 | IceCv    | Reached XP level 12. HP: 115/115 MP: 11/11
  9298 | IceCv    | Killed a death yak
  9335 | IceCv    | Reached skill level 10 in Armour
  9355 | IceCv    | Noticed a frost giant
  9355 | IceCv    | Noticed a death yak
  9368 | IceCv    | Killed a death yak
  9373 | IceCv    | Slimified a frost giant
  9373 | IceCv    | Noticed an azure jelly
  9373 | IceCv    | a frost giant changed into an azure jelly
  9546 | D:11     | Reached skill level 1 in Shields
  9804 | D:11     | Noticed a seven-headed hydra
  9807 | D:11     | Killed a seven-headed hydra
 10114 | D:11     | Noticed Nergalle
 10123 | D:11     | Killed Nergalle
 10124 | D:11     | Reached skill level 14 in Fighting
 10347 | D:12     | Found a gate leading to a gauntlet.
 10353 | Gauntlet | Entered a Gauntlet
 10353 | Gauntlet | Found a transporter.
 10353 | Gauntlet | Found a transporter.
 10361 | Gauntlet | Found a transporter.
 10365 | Gauntlet | Found a transporter.
 10370 | Gauntlet | Noticed a tengu warrior
 10372 | Gauntlet | Lost mutation: Your mind is very acute. (Int +4) [Jiyva's
                  | grace]
 10372 | Gauntlet | Lost mutation: Your flesh is very cold resistant. (rC++)
                  | [Jiyva's grace]
 10372 | Gauntlet | Gained mutation: Your rubbery body absorbs attacks. (AC +1,
                  | EV +1) [Jiyva's grace]
 10372 | Gauntlet | Gained mutation: Your pliable body absorbs attacks. (AC +2,
                  | EV +2) [Jiyva's grace]
 10372 | Gauntlet | Gained mutation: Your gelatinous body deflects attacks. (AC
                  | +3, EV +3) [Jiyva's grace]
 10372 | Gauntlet | Gained mutation: Your melee attacks may engulf your foes in
                  | ooze. [Jiyva's grace]
 10373 | Gauntlet | Found a transporter.
 10377 | Gauntlet | Found a transporter.
 10383 | Gauntlet | Found a runed translucent gate.
 10383 | Gauntlet | Noticed a reaper
 10385 | Gauntlet | Found a transporter.
 10386 | Gauntlet | Found a runed translucent gate.
 10387 | Gauntlet | Found a runed translucent gate.
 10399 | Gauntlet | Found a runed translucent door.
 10401 | Gauntlet | Found a transporter.
 10403 | Gauntlet | Found a runed translucent door.
 10415 | Gauntlet | Found a transporter.
 10419 | Gauntlet | Found a transporter.
 10427 | Gauntlet | Found a transporter.
 10431 | Gauntlet | Found a transporter.
 10437 | Gauntlet | Noticed a death scarab
 10627 | Gauntlet | Killed a reaper
 10628 | Gauntlet | Reached skill level 15 in Maces & Flails
 10632 | Gauntlet | Identified the +2 hat of Xiwi {Will+ rCorr Str-4 SInv}
 10663 | Gauntlet | Identified the +8 flail of Genleupu {vorpal, rElec rPois
                  | rC- Dex+4}
 10663 | Gauntlet | Noticed a minotaur
 10672 | Gauntlet | Killed a minotaur
 10688 | Gauntlet | Got the Compendium of the Ensnaring Voyage
 10785 | D:12     | Noticed a five-headed hydra
 10792 | D:12     | Killed a five-headed hydra
 10903 | D:12     | Reached skill level 5 in Shields
 10945 | D:12     | Reached XP level 13. HP: 125/125 MP: 12/12
 11374 | D:12     | Noticed Rupert
 11381 | D:13     | You fall into a shaft and drop 2 floors!
 11381 | D:15     | Entered Level 15 of the Dungeon
 11553 | D:14     | Reached skill level 15 in Fighting
 11716 | D:14     | Noticed Nessos
 11720 | D:14     | Killed Nessos
 12047 | D:14     | Noticed Josephine
 12055 | D:14     | Slimified Josephine
 12055 | D:14     | Noticed Josephine
 12055 | D:14     | Josephine changed into Josephine the azure jelly
 12396 | D:14     | Noticed Frances
 12403 | D:14     | Slimified Frances
 12403 | D:14     | Noticed Frances
 12403 | D:14     | Frances changed into Frances the azure jelly
 12659 | D:13     | Lost mutation: Your body has grown many eyes which may
                  | confuse attackers. (Acc +5) [Jiyva's grace]
 12659 | D:13     | Lost mutation: Your gelatinous body deflects attacks. (AC
                  | +3, EV +3) [Jiyva's grace]
 12659 | D:13     | Lost mutation: You have a small jelly attached to you that
                  | may absorb projectiles. [Jiyva's grace]
 12659 | D:13     | Lost mutation: Your melee attacks may engulf your foes in
                  | ooze. [Jiyva's grace]
 12659 | D:13     | Gained mutation: Armour fits poorly on your pseudopods.
                  | [Jiyva's grace]
 12659 | D:13     | Gained mutation: Armour fits poorly on your large
                  | pseudopods. [Jiyva's grace]
 12659 | D:13     | Gained mutation: Armour fits poorly on your massive
                  | pseudopods. [Jiyva's grace]
 12659 | D:13     | Gained mutation: Your translucent skin slightly reduces
                  | your foes' accuracy. (Stealth+) [Jiyva's grace]
 12705 | D:13     | Found a gate to the Vaults.
 12734 | D:14     | Reached skill level 10 in Shields
 13045 | D:12     | Killed Rupert
 13046 | D:12     | Reached skill level 16 in Fighting
 13308 | Lair:1   | Found a runed translucent door.
 13328 | Lair:1   | Reached XP level 14. HP: 137/137 MP: 13/13
 13747 | Lair:1   | Noticed 12572944's ghost (journeyman TrBe)
 14059 | Lair:1   | Killed 12572944's ghost
 14115 | Lair:2   | Identified the amulet "Pualonn" {Acrobat *Corrode rF-
                  | Dex+10 Slay+6}
 14431 | Lair:2   | Found a hole to the Spider Nest.
 15072 | Lair:3   | Lost mutation: Your pliable body absorbs attacks. (AC +2,
                  | EV +2) [Jiyva's grace]
 15072 | Lair:3   | Gained mutation: You possess an exceptional clarity of
                  | mind. [Jiyva's grace]
 15072 | Lair:3   | Gained mutation: You have sharp toenails. [Jiyva's grace]
 15072 | Lair:3   | Gained mutation: You have razor-sharp toenails. [Jiyva's
                  | grace]
 15072 | Lair:3   | Gained mutation: You have claws for feet. [Jiyva's grace]
 15246 | Lair:3   | Found a staircase to the Shoals.
 15767 | Lair:4   | Reached skill level 17 in Fighting
 16942 | Lair:5   | Lost mutation: You possess an exceptional clarity of mind.
                  | [Jiyva's grace]
 16942 | Lair:5   | Lost mutation: Your body has grown eyes which may confuse
                  | attackers. (Acc +3) [Jiyva's grace]
 16942 | Lair:5   | Gained mutation: You are covered in fur. (AC +1) [Jiyva's
                  | grace]
 16942 | Lair:5   | Gained mutation: You are covered in thick fur. (AC +2)
                  | [Jiyva's grace]
 16942 | Lair:5   | Gained mutation: Your thick and shaggy fur keeps you warm.
                  | (AC +3, rC+) [Jiyva's grace]
 16942 | Lair:5   | Gained mutation: Your melee attacks may engulf your foes in
                  | ooze. [Jiyva's grace]
 17483 | Lair:6   | Entered Level 6 of the Lair of Beasts
 17530 | Lair:6   | Identified the +11 short sword of Zuyfiq {vorpal, rPois}
 17549 | Lair:6   | Found a staircase to the Slime Pits.
 17565 | Slime:1  | Entered Level 1 of the Pits of Slime
 17589 | Slime:1  | Noticed a rockslime
 17601 | Slime:2  | Noticed an acid blob
 17602 | Slime:2  | Noticed a rockslime
 17607 | Slime:2  | Noticed an azure jelly
 17608 | Slime:3  | Noticed an acid blob
 17622 | Slime:3  | Noticed a rockslime
 17642 | Slime:3  | Noticed a quicksilver ooze
 17647 | Slime:4  | Noticed Dissolution
 17647 | Slime:4  | Noticed an acid blob
 17663 | Slime:5  | Entered Level 5 of the Pits of Slime
 17663 | Slime:5  | Noticed an azure jelly
 17682 | Slime:5  | Found a viscous altar of Jiyva.
 17683 | Slime:5  | Noticed an azure jelly
 17684 | Slime:5  | Noticed a quicksilver ooze
 17684 | Slime:5  | Noticed a rockslime
 17685 | Slime:5  | Noticed an acid blob
 17685 | Slime:5  | Noticed an acid blob
 17687 | Slime:5  | Noticed the Royal Jelly
 17687 | Slime:5  | Noticed a rockslime
 17688 | Slime:5  | Noticed an acid blob
 17688 | Slime:5  | Noticed an acid blob
 17689 | Slime:5  | Noticed an acid blob
 17692 | Slime:5  | Identified the ring of Amelioration {rPois Dex+2}
 17727 | Slime:5  | Identified the +1 robe of Grace {+Blink rPois rN+ Str-5}
 17729 | Slime:5  | Got a slimy rune of Zot
 17759 | Slime:5  | Noticed an acid blob
 17784 | Slime:5  | Noticed a rockslime
 17958 | Lair:6   | Reached XP level 15. HP: 133/147 MP: 14/14
 18062 | Lair:6   | Killed from afar by a fire dragon

Illustrated notes

Levels and vault maps discovered:
D:1:      mushboom_english_gardens, layout_rooms,
          shapermc_ecumenical_altar_ellora, minmay_pentomino_w4
D:2:      layout_loops_ring
D:3:      layout_rooms, gammafunk_ghost_arena, minmay_misc_feat_columns
D:4:      layout_basic, mainiacjoe_overflow_tiny_flanked,
          mainiacjoe_overflow_concentric_impassable, kennysheep_generic_room_13,
          uniq_eustachio
D:5:      layout_rooms, lemuel_round_altar, vehumet_altar_wand_db,
          cheibrodos_sewer_entry_bend
D:6:      layout_basic, fedhas_altar_decomposition, lemuel_crystal_altar,
          mainiacjoe_overflow_boulevard, enter_ossuary_1, uniq_sigmund
D:7:      layout_basic, xom_butterflies, elyvilon_altar_1,
          minmay_temple_entry_mini_moons, uniq_crazy_yiuf_cottage
D:8:      layout_basic, lair_entry_dummy
D:9:      minmay_four_partial_circles, layout_basic, lemuel_blue_sif_altar
D:10:     layout_loops_corners, nicolae_trove_entry_crossroad
D:11:     layout_long_grid, portal_ice_cave_entry_animals_and_master,
          serial_glass, glass_columns_b, glass_columns_a, uniq_nergalle
D:12:     layout_cave_pods, gauntlet_entry_generic, minmay_beelzebubs_servants,
          uniq_rupert
D:13:     layout_cross, erik_vaults_2
D:14:     layout_basic, nrook_campfire, grunt_decor_fettered,
          kennysheep_minor_cross, palyth_stone_intersect, uniq_frances,
          uniq_josephine, uniq_nessos
D:15:     hangedman_depths_entry_try_elsewhere_first, layout_basic,
          chequers_arboretum, nrook_pool_corridor, uniq_kirke
Lair:1:   layout_hall_layers, hellmonk_ghost_happy_afterlife,
          serial_bayou_lagoon_b, serial_bayou_shore_b, infiniplex_staircase_pool
Lair:2:   layout_loops_ring, dummy_spider_entry
Lair:3:   layout_chaotic_city, minmay_shoals_entry_hut
Lair:4:   layout_roguey, serial_bayou_pond_d, beast_lair_carwin_9
Lair:5:   layout_cave_pods, chequers_serial_rivers_micro_c, grunt_megastairs_2,
          serial_bayou_shore_a, lemuel_fruit_tree
Lair:6:   guppyfry_lair_end_dragon, layout_cave_pods,
          minmay_slime_entry_jelly_boxes
Slime:1:  layout_caves
Slime:2:  layout_caves, nicolae_slime_welcoming_committee
Slime:3:  cheibrodos_slime_lost_civilization_10, layout_caves
Slime:4:  layout_caves, dissolution_awaits
Slime:5
Orc:1:    layout_diamond_mine, serial_shops, shop, basic_altar,
          gammafunk_ghost_arena
Orc:2:    st_orc_open, layout_caves

Skill      XL: |  1  2  3  4  5  6  7  8  9 10 11 12 13 14 |
---------------+-------------------------------------------+-----
Maces & Flails | 4 5 6 7 9 11 13 14 15 16 | 16.0
Fighting       | 3 4 5 6 8 10 11 13 14 16 17 | 17.5
Unarmed Combat | 1 |  1.7
Armour         | 3 7 9 10 | 10.2
Evocations     | 4 6 7 9 |  9.1
Dodging        | 5 |  5.7
Shields        | 5 11 14 | 14.9
Throwing       | |  2.0

Action                   |  1- 3 |  4- 6 |  7- 9 | 10-12 | 13-15 || total
-------------------------+-------+-------+-------+-------+-------++-------
Melee: Flail             |    61 |   181 |    77 |       |       ||   319
       Headbutt          |     7 |    14 |    52 |   111 |   167 ||   351
       Punch             |       |     1 |       |       |     1 ||     2
       Dire flail        |       |       |   160 |   329 |       ||   489
       Bite              |       |       |       |     7 |       ||     7
       Morningstar       |       |       |       |    76 |   573 ||   649
       Pseudopods        |       |       |       |       |   125 ||   125
       Kick              |       |       |       |       |    79 ||    79
 Fire: Hunting sling     |       |     4 |     8 |       |       ||    12
Throw: Throwing net      |     2 |       |     1 |       |       ||     3
       Dart              |       |     5 |     5 |     9 |     6 ||    25
Invok: Oozemancy         |       |     1 |     1 |     3 |       ||     5
       Slimify           |       |       |       |     1 |     3 ||     4
Evoke: Wand              |       |       |       |     3 |     7 ||    10
       Tin of tremorston |       |       |       |     1 |     4 ||     5
       Condenser vane    |       |       |       |       |     1 ||     1
  Use: Scroll            |     7 |     5 |     1 |     6 |     9 ||    28
       Potion            |       |       |       |       |     1 ||     1
 Stab: Distracted        |       |       |     1 |     1 |       ||     2
       Confused          |       |       |       |     6 |     9 ||    15
Armor: Leather armour    |    24 |       |       |       |       ||    24
       Ring mail         |     7 |    78 |    42 |       |       ||   127
       Chain mail        |       |       |    46 |    12 |       ||    58
       Plate armour      |       |       |       |   251 |   216 ||   467
Dodge: Dodged            |    41 |   104 |   107 |   189 |   199 ||   640
Block: Kite shield       |       |       |       |       |   300 ||   300

Table legend: (Time is in decaauts)
 A = Elapsed time spent in this place.
 B = Non-inter-level travel time spent in this place.
 C = Inter-level travel time spent in this place.
 D = Time resting spent in this place.
 E = Time spent auto-exploring this place.
 F = Levels seen in this place.
 G = Mean time per level.
                   A        B        C        D        E       F      G
               +--------+--------+--------+--------+--------+-----+--------+
         Total |  17900 |  16999 |    901 |    741 |  12559 |  32 |  559.4 |
       Dungeon |  11155 |  10519 |    636 |    312 |   8160 |  15 |  743.7 |
          Lair |   4556 |   4406 |    150 |    164 |   3508 |   6 |  759.3 |
    Slime Pits |    272 |    191 |     81 |     59 |     56 |   5 |   54.4 |
  Orcish Mines |    327 |    294 |     33 |     14 |    208 |   2 |  163.5 |
         Sewer |    420 |    420 |      0 |      0 |    232 |   1 |  420.0 |
       Ossuary |    239 |    239 |      0 |      0 |    108 |   1 |  239.0 |
      Ice Cave |    536 |    536 |      0 |     92 |    151 |   1 |  536.0 |
      Gauntlet |    392 |    392 |      0 |    100 |    134 |   1 |  392.0 |
               +--------+--------+--------+--------+--------+-----+--------+

Top non-repeatable levels by time:
    D:14: 1318 daAuts
  Lair:5: 1041 daAuts
     D:8: 997 daAuts
     D:9: 981 daAuts
     D:4: 952 daAuts
    D:12: 942 daAuts
    D:11: 929 daAuts
  Lair:1: 916 daAuts
     D:1: 902 daAuts
    D:10: 870 daAuts
  Lair:3: 819 daAuts
  Lair:4: 768 daAuts
     D:7: 758 daAuts
     D:6: 732 daAuts
     D:2: 725 daAuts
